 Dungeon Crawl Stone Soup version 0.30-a0-782-ge64f9170bb (webtiles) character file.

Game seed: 18240259273293261987

103 Crownlay the Chiller (level 4, -1/32 HPs)
             Began as a Gnoll Ice Elementalist on Feb 27, 2023.
             Was an Elder of Uskayaw.
             Killed by nerve-wracking pain
             ... invoked by an orc priest
              (11 damage)
             ... on level 3 of the Dungeon.
             The game lasted 00:02:12 (1673 turns).

Crownlay the Chiller (Gnoll Ice Elementalist)       Turns: 1673, Time: 00:02:12

Health: -1/32      AC:  9    Str:  8    XL:     4   Next: 79%
Magic:  6/11       EV: 13    Int: 16    God:    Uskayaw [****..]
Gold:   122        SH:  0    Dex: 12    Spells: 6/13 levels left

rFire   . . .      SeeInvis .    g - +0 flail
rCold   . . .      Faith    .    (no shield)
rNeg    . . .      Spirit   .    a - +0 robe
rPois   .          Reflect  .    (no helmet)
rElec   .          Harm     .    (no cloak)
rCorr   .          Rampage  .    (no gloves)
Will    .....                    (no boots)
Stlth   +++                      (no amulet)
HPRegen 0.25/turn                k - ring of flight
MPRegen 0.12/turn                (no ring)

@: ice-armoured, flying
A: fangs 1, strong nose, distributed training
a: Renounce Religion, Stomp, Line Pass


You were on level 3 of the Dungeon.
You worshipped Uskayaw.
Uskayaw was noncommittal.
You visited 1 branch of the dungeon, and saw 3 of its levels.

You collected 122 gold pieces.

Inventory:

Hand Weapons
 g - a +0 flail (weapon)
Armour
 a - a +0 robe (worn)
 i - a +0 buckler
Jewellery
 k - a ring of flight (left hand)
Scrolls
 c - a scroll of teleportation {unknown}
 e - 2 scrolls of torment {unknown}
 j - 2 scrolls of identify {unknown}
 l - a scroll of fog {unknown}
Potions
 b - a potion of magic
 d - a potion of degeneration {unknown}
 f - a potion of invisibility {unknown}
 h - a potion of lignification {unknown}


   Skills:
 + Level 1.3 Fighting
 + Level 1.3 Short Blades
 + Level 1.3 Long Blades
 + Level 1.3 Axes
 + Level 1.3 Maces & Flails
 + Level 1.3 Polearms
 + Level 1.3 Staves
 + Level 1.3 Ranged Weapons
 + Level 1.3 Throwing
 + Level 1.3 Armour
 + Level 4.7 Dodging
 + Level 4.3 Stealth
 + Level 1.3 Shields
 + Level 1.3 Unarmed Combat
 + Level 5.1 Spellcasting
 + Level 1.0 Conjurations
 + Level 1.0 Hexes
 + Level 1.0 Summonings
 + Level 1.0 Necromancy
 + Level 1.0 Translocations
 + Level 1.0 Transmutations
 + Level 1.0 Fire Magic
 + Level 7.1 Ice Magic
 + Level 1.0 Air Magic
 + Level 1.0 Earth Magic
 + Level 1.0 Poison Magic
 + Level 1.4 Invocations
 + Level 1.3 Evocations


You had 6 spell levels left.
You knew the following spells:

 Your Spells              Type           Power      Damage    Failure   Level
a - Freeze                Ice            100%       1d10      1%          1
b - Frozen Ramparts       Ice            54%        1d9       2%          3
c - Ozocubu's Armour      Ice            27%        N/A       2%          3

Your spell library contained the following spells:

 Spells                   Type           Power      Damage    Failure   Level
 Summon Ice Beast         Ice/Summ       17%        N/A       26%         4


Dungeon Overview and Level Annotations

Branches:
Dungeon (3/15)

Altars:
Uskayaw


Innate Abilities, Weirdness & Mutations

You have very sharp teeth.
Your uncanny sense of smell can sniff out nearby items.
Your experience applies equally to all skills.


Message History

The giant cockroach bites you but does no damage.
The wall freezes the orc!
You kill the orc!
You can now pass through a line of other dancers.
You barely miss the giant cockroach. Your bite misses the giant cockroach.
The wall freezes the giant cockroach.
The giant cockroach bites you but does no damage.
The wall freezes the endoplasm.
The wall freezes the giant cockroach.
You kill the giant cockroach!
The wall freezes the orc.
The wall freezes the orc priest.
You hit the orc.
The orc is almost dead.
The wall freezes the orc priest.
The wall freezes the orc!
You kill the orc!
The wall freezes the endoplasm.
You kill the endoplasm!
The wall freezes the orc priest but does no damage.
The wall freezes the orc priest.
Uskayaw will force your foes to helplessly watch your dance.
Uskayaw prepares the audience for your solo!
The helpless orc priest fails to defend itself.
You hit the orc priest.
The orc priest is moderately wounded.
The goblin is no longer paralysed.
The orc priest is no longer paralysed. x2
The wall freezes the orc priest.
The orc priest mumbles some strange prayers to Beogh against you.
Pain shoots through your body!
The wall freezes the goblin!
You kill the goblin!
The wall freezes the orc priest but does no damage.
Uskayaw will force your foes to share their pain.
Uskayaw links your audience in an emotional bond!
You closely miss the orc priest. Your bite misses the orc priest.
The orc priest is heavily wounded.
The wall freezes the orc priest. x2; The orc priest hits you with a +0 mace.
You sock the orc priest!
You kill the orc priest!
The frozen ramparts melt away.
The orc priest invokes the aid of Beogh against you.
Pain shoots through your body!
You die...

#. #.. ...##..
...#...##
........##
##.......#
.......$.#######..
#......)o@.......
#......)########.
#.#...<..S...#
....#..........#
... #..........#
............#
....(........#
................
..?....$.......#


You could see an orc priest (pain bonded).

Vanquished Creatures
  A hound (D:2)
  An orc priest (D:3)
  2 adders
  3 dart slugs
  2 orcs (D:3)
  4 ball pythons
  3 bats
  4 endoplasms
  3 giant cockroaches
  4 goblins
  6 hobgoblins
  2 kobolds (D:1)
  A quokka (D:1)
  4 frilled lizards
  3 rats
43 creatures vanquished.

Notes
Turn   | Place    | Note
-------+----------+-------------------------------------------
     0 | D:1      | Crownlay the Gnoll Ice Elementalist began the quest for the
                  | Orb.
     0 | D:1      | Reached XP level 1. HP: 13/13 MP: 6/6
   176 | D:1      | Reached XP level 2. HP: 19/19 MP: 5/7
   472 | D:1      | Reached skill level 5 in Spellcasting
   472 | D:1      | Reached XP level 3. HP: 25/25 MP: 2/9
   476 | D:1      | Learned a level 3 spell: Frozen Ramparts
   487 | D:1      | Learned a level 3 spell: Ozocubu's Armour
   949 | D:2      | Reached skill level 1 in Invocations
  1112 | D:2      | Reached skill level 1 in Fighting
  1112 | D:2      | Reached skill level 1 in Short Blades
  1112 | D:2      | Reached skill level 1 in Long Blades
  1112 | D:2      | Reached skill level 1 in Axes
  1112 | D:2      | Reached skill level 1 in Maces & Flails
  1112 | D:2      | Reached skill level 1 in Polearms
  1112 | D:2      | Reached skill level 1 in Staves
  1112 | D:2      | Reached skill level 1 in Ranged Weapons
  1112 | D:2      | Reached skill level 1 in Throwing
  1112 | D:2      | Reached skill level 1 in Armour
  1112 | D:2      | Reached skill level 1 in Shields
  1112 | D:2      | Reached skill level 1 in Unarmed Combat
  1112 | D:2      | Reached skill level 1 in Evocations
  1254 | D:2      | Found a hide-covered altar of Uskayaw.
  1461 | D:2      | Reached skill level 1 in Conjurations
  1461 | D:2      | Reached skill level 1 in Hexes
  1461 | D:2      | Reached skill level 1 in Summonings
  1461 | D:2      | Reached skill level 1 in Necromancy
  1461 | D:2      | Reached skill level 1 in Translocations
  1461 | D:2      | Reached skill level 1 in Transmutations
  1461 | D:2      | Reached skill level 1 in Fire Magic
  1461 | D:2      | Reached skill level 1 in Air Magic
  1461 | D:2      | Reached skill level 1 in Earth Magic
  1461 | D:2      | Reached skill level 1 in Poison Magic
  1461 | D:2      | Reached XP level 4. HP: 21/32 MP: 6/11
  1644 | D:2      | Became a worshipper of Uskayaw the Reveller
  1665 | D:3      | Reached * piety under Uskayaw
  1667 | D:3      | Reached ** piety under Uskayaw
  1670 | D:3      | Reached *** piety under Uskayaw
  1671 | D:3      | Reached **** piety under Uskayaw
  1673 | D:3      | Killed from afar by an orc priest

Illustrated notes

Levels and vault maps discovered:
D:1:      erik_arrival_orb_chamber, layout_basic
D:2:      layout_basic, basic_altar, serial_glass, glass_columns_a,
          glass_columns_a, glass_columns_a, glass_columns_c, glass_columns_a,
          glass_columns_a, glass_columns_b, glass_columns_a, glass_columns_b,
          glass_columns_b, glass_columns_a, glass_columns_a, glass_columns_b,
          glass_columns_a, chequers_serial_rivers_micro_e
D:3:      layout_loops_ring, gammafunk_ghost_smash, minmay_gold_behind_fungi,
          serial_bayou_pond_d

Skill      XL: |  1  2  3 |
---------------+----------+-----
Spellcasting   | 5 |  5.1
Invocations    | 1 |  1.4
Fighting       | 1 |  1.3
Short Blades   | 1 |  1.3
Long Blades    | 1 |  1.3
Axes           | 1 |  1.3
Maces & Flails | 1 |  1.3
Polearms       | 1 |  1.3
Staves         | 1 |  1.3
Ranged Weapons | 1 |  1.3
Throwing       | 1 |  1.3
Armour         | 1 |  1.3
Shields        | 1 |  1.3
Unarmed Combat | 1 |  1.3
Evocations     | 1 |  1.3
Conjurations   | 1 |  1.0
Hexes          | 1 |  1.0
Summonings     | 1 |  1.0
Necromancy     | 1 |  1.0
Translocations | 1 |  1.0
Transmutations | 1 |  1.0
Fire Magic     | 1 |  1.0
Air Magic      | 1 |  1.0
Earth Magic    | 1 |  1.0
Poison Magic   | 1 |  1.0
Dodging        | |  4.7
Stealth        | |  4.3
Ice Magic      | |  7.1

Action                     |  1- 3 |  4- 6 || total
---------------------------+-------+-------++-------
  Melee: Unarmed           |     3 |       ||     3
         Flail             |     5 |     6 ||    11
   Cast: Freeze            |    53 |       ||    53
         Ozocubu's Armour  |       |     1 ||     1
         Frozen Ramparts   |       |     1 ||     1
   Stab: Sleeping          |     1 |       ||     1
         Paralysed         |       |     1 ||     1
 Armour: Robe              |     7 |     3 ||    10
  Dodge: Dodged            |    31 |       ||    31

Table legend: (Time is in decaauts)
 A = Elapsed time spent in this place.
 B = Non-inter-level travel time spent in this place.
 C = Inter-level travel time spent in this place.
 D = Time resting spent in this place.
 E = Time spent auto-exploring this place.
 F = Levels seen in this place.
 G = Mean time per level.
                   A        B        C        D        E       F      G
               +--------+--------+--------+--------+--------+-----+--------+
         Total |   1674 |   1560 |    114 |      0 |   1311 |   3 |  558.0 |
       Dungeon |   1674 |   1560 |    114 |      0 |   1311 |   3 |  558.0 |
               +--------+--------+--------+--------+--------+-----+--------+

Top non-repeatable levels by time:
     D:1: 935 daAuts
     D:2: 726 daAuts
     D:3: 13 daAuts
